Map: 匹昂台地

Players

magiclogy

  • Race: Protoss Protoss
  • League: Diamond

Quail - Winner!

  • Race: Protoss Protoss
  • League: Diamond

VOD

Have the link to the VOD?

Description

Time

  • Played on: Dec. 5, 2015, 9:19 a.m.
  • Length: 19:35
Show
View Real Time Build Order
Export as new Build Order

magiclogy Protoss 

Build Orders: 1 Gate Expand 

Get SALT Encoding   

  12  0:01  Probe (Chrono Boost)  
  13  0:11  Probe (Chrono Boost)  
  14  0:17  Pylon  
  14  0:22  Probe (Chrono Boost)  
  15  0:35  Probe (Chrono Boost)  
  16  0:37  Gateway  
  16  0:46  Probe (Chrono Boost)  
  16  0:47  Assimilator  
  17  0:56  Probe (Chrono Boost)  
  18  1:18  Nexus  
  18  1:28  Cybernetics Core  
  18  1:31  Probe (Chrono Boost)  
  19  1:42  Probe (Chrono Boost)  
  19  1:45  Assimilator  
  20  1:52  Probe (Chrono Boost), Pylon  
  21  2:11  Pylon  
  21  2:12  Pylon  
  21  2:14  Pylon  
  21  2:21  Pylon  
  20  2:30  Mothership Core (Chrono Boost)  
  22  2:40  Probe (Chrono Boost)  
  23  2:49  Probe (Chrono Boost)  
  23  2:50  Probe (Chrono Boost)  
  25  3:03  Probe (Chrono Boost)  
  26  3:14  Probe (Chrono Boost)  
  26  3:16  Pylon  
  27  3:21  Pylon  
  27  3:23  Pylon x2  
  27  3:24  Probe (Chrono Boost)  
  27  3:26  Pylon  
  28  3:27  Pylon  
  27  3:35  Probe (Chrono Boost)  
  28  3:45  Probe (Chrono Boost)  
  29  3:53  Warp Gate (Chrono Boost)  
  29  3:55  Gateway  
  29  3:56  Probe (Chrono Boost)  
  29  3:58  Gateway  
  29  4:00  Gateway  
  30  4:07  Probe (Chrono Boost)  
  31  4:18  Pylon  
  31  4:21  Pylon  
  31  4:23  Pylon  
  30  4:54  Gateway x2  
  30  5:05  Probe (Chrono Boost)  
  32  5:07  Probe (Chrono Boost)  
  32  5:17  Probe (Chrono Boost)  
  32  5:19  Pylon  
  32  5:20  Pylon  
  33  5:26  Probe  
  34  5:35  Pylon x2  
  34  5:37  Probe  
  35  5:43  Twilight Council  
  35  5:46  Gateway  
  35  5:47  Probe  
  36  5:50  Gateway  
  36  5:53  Stalker  
  36  5:54  Stalker  
  40  5:58  Stalker x2, Probe  
  40  5:59  Stalker  
  47  6:08  Probe  
  47  6:09  Stalker  
  50  6:12  Pylon  
  50  6:19  Probe, Blink (Chrono Boost)  
  51  6:30  Stalker x3  
  57  6:34  Pylon  
  57  6:38  Sentry x2  
  57  6:39  Sentry  
  63  6:54  Assimilator  
  63  6:56  Stalker x2  
  63  6:57  Stalker  
  63  6:58  Assimilator  
  65  7:14  Stalker x2  
  65  7:15  Stalker x2  
  71  7:17  Stalker  
  73  7:29  Stalker x2  
  77  7:36  Probe  
  78  7:46  Dark Shrine  
  78  7:47  Probe  
  79  7:57  Probe  
  79  8:03  Stalker  
  79  8:04  Nexus  
  82  8:09  Stalker  
  60  8:34  Zealot  
  60  8:35  Zealot  
  63  8:50  Probe  
  64  9:00  Probe  
  64  9:01  Dark Templar x2  
  64  9:02  Dark Templar x2  
  73  9:11  Probe  
  73  9:14  Robotics Facility  
  74  9:21  Probe  
  75  9:32  Probe  
  75  9:35  Probe  
  77  9:39  Probe  
  77  9:42  Probe  
  79  9:47  Probe  
  79  9:49  Probe  
  81  9:53  Probe  
  81  9:58  Pylon x2  
  81  9:59  Probe  
  83  10:03  Warp Prism (Chrono Boost)  
  85  10:15  Pylon  
  85  10:33  Dark Templar  
  85  10:34  Dark Templar x3  
  93  10:40  Archon  
  93  10:41  Archon  
  91  11:01  Zealot  
  91  11:02  Zealot x3  
  96  11:14  Stalker x4  
  100  11:27  Pylon  
  100  11:30  Pylon  
  100  11:38  Stalker x3  
  100  11:39  Stalker x2  
  108  12:33  Gateway  
  102  12:58  Gateway  
  102  12:59  Gateway  
  102  13:05  Assimilator  
  102  13:09  Assimilator  
  102  13:13  Pylon  
  102  13:16  Pylon x2  
  102  13:18  Pylon  
  102  13:37  Immortal (Chrono Boost)  
  99  14:11  Immortal (Chrono Boost)  
  103  14:21  Gateway  
  103  14:22  Gateway  
  103  14:26  Gateway x2  
  103  14:33  Cybernetics Core  
  103  14:34  Probe  
  104  14:40  Zealot x3  
  104  14:45  Probe  
  97  15:04  Dark Templar x3  
  103  15:14  Stargate  
  103  15:26  Immortal (Chrono Boost), Zealot  
  109  15:29  Pylon x2  
  109  15:31  Pylon  
  109  15:50  Dark Templar x2  
  109  15:52  Zealot x2  
  113  16:00  Immortal (Chrono Boost)  
  107  16:32  Stargate  
  107  16:35  Stargate  
  107  16:40  Observer (Chrono Boost)  
  106  17:01  Void Ray  
  106  17:03  Zealot x2  
  106  17:04  Zealot x2  
  106  17:06  Immortal (Chrono Boost)  
  122  17:12  Probe  
  123  17:15  Probe  
  124  17:22  Probe  
  124  17:28  Probe  
  126  17:40  Probe  
  126  17:41  Immortal (Chrono Boost)  
  131  17:51  Fleet Beacon  
  131  18:19  Void Ray  
  129  18:20  Immortal (Chrono Boost)  
  121  18:32  Zealot x4  
  54  18:55  Zealot  
  20  19:12  Sentry  
Show
View Real Time Build Order
Export as new Build Order

Quail Protoss - Winner!

Build Orders: 1 Gate Expand 

Get SALT Encoding   

  12  0:01  Probe (Chrono Boost)  
  13  0:12  Probe (Chrono Boost)  
  14  0:17  Pylon  
  14  0:22  Probe (Chrono Boost)  
  15  0:36  Probe (Chrono Boost), Gateway  
  16  0:43  Assimilator  
  16  0:46  Probe (Chrono Boost)  
  18  0:57  Probe (Chrono Boost)  
  18  1:07  Probe (Chrono Boost)  
  19  1:18  Probe (Chrono Boost)  
  20  1:23  Cybernetics Core  
  20  1:34  Nexus  
  20  1:38  Probe (Chrono Boost)  
  21  1:44  Pylon  
  21  1:48  Probe (Chrono Boost)  
  21  1:52  Assimilator  
  22  2:02  Stalker  
  22  2:07  Mothership Core (Chrono Boost)  
  26  2:25  Probe (Chrono Boost)  
  26  2:29  Pylon  
  27  2:37  Probe (Chrono Boost)  
  28  2:43  Stalker  
  30  2:47  Probe (Chrono Boost)  
  31  2:56  Pylon  
  31  3:00  Gateway  
  31  3:06  Robotics Facility  
  31  3:18  Gateway  
  31  3:22  Sentry (Chrono Boost)  
  33  3:33  Pylon  
  33  3:47  Stalker (Chrono Boost)  
  35  3:55  Immortal (Chrono Boost)  
  39  4:01  Probe  
  38  4:03  Probe  
  38  4:05  Stalker  
  38  4:09  Warp Gate  
  42  4:15  Probe  
  43  4:20  Probe  
  44  4:25  Pylon  
  44  4:27  Probe  
  45  4:35  Immortal (Chrono Boost)  
  49  4:41  Stalker  
  50  4:49  Probe  
  50  4:50  Probe  
  52  4:58  Stalker  
  54  5:02  Probe x2  
  56  5:09  Observer (Chrono Boost)  
  56  5:12  Probe  
  57  5:14  Probe  
  59  5:22  Twilight Council  
  59  5:23  Probe  
  59  5:26  Probe, Assimilator  
  59  5:28  Observer (Chrono Boost)  
  62  5:31  Stalker  
  62  5:33  Probe  
  65  5:38  Probe  
  65  5:41  Assimilator  
  66  5:43  Pylon  
  66  5:44  Probe  
  67  5:54  Probe  
  67  5:55  Probe  
  69  5:58  Pylon  
  68  6:05  Probe  
  68  6:07  Probe  
  68  6:11  Immortal (Chrono Boost)  
  74  6:14  Blink (Chrono Boost)  
  74  6:16  Probe  
  75  6:19  Probe  
  76  6:32  Stalker x2  
  80  6:41  Warp Prism (Chrono Boost)  
  80  6:47  Pylon  
  82  6:48  Pylon  
  82  6:51  Robotics Bay  
  82  7:13  Stalker x2  
  82  7:14  Immortal  
  90  7:33  Gateway  
  90  7:35  Gateway  
  90  7:38  Gateway  
  90  7:40  Adept x2  
  94  7:55  Disruptor, Robotics Facility  
  96  8:15  Stalker  
  96  8:16  Stalker  
  98  8:33  Disruptor, Pylon  
  97  8:43  Gateway x2  
  97  8:44  Gateway  
  95  8:55  Nexus  
  95  8:58  Pylon  
  95  8:59  Pylon  
  95  9:02  Pylon  
  95  9:03  Zealot x4  
  95  9:04  Disruptor, Zealot  
  108  9:13  Charge (Chrono Boost)  
  108  9:21  Warp Prism  
  110  9:33  Forge  
  110  9:35  Disruptor  
  110  9:41  Adept x2  
  116  10:02  Observer  
  117  10:08  Stalker x3  
  117  10:09  Stalker x2, Observer  
  117  10:11  Protoss Ground Weapons Level 1  
  117  10:12  Probe  
  117  10:13  Probe  
  130  10:26  Adept x2  
  130  10:27  Adept  
  136  10:34  Photon Cannon  
  136  10:47  Disruptor (Chrono Boost)  
  135  11:07  Adept x3  
  135  11:08  Adept x2  
  136  11:54  Pylon  
  133  12:03  Pylon  
  133  12:04  Pylon  
  133  12:18  Photon Cannon  
  133  12:22  Photon Cannon  
  133  12:23  Pylon  
  133  12:25  Pylon  
  133  12:42  Pylon  
  133  12:54  Pylon  
  133  12:55  Pylon  
  133  12:56  Pylon  
  133  12:57  Pylon  
  133  12:58  Resonating Glaives  
  133  13:37  Pylon  
  133  13:41  Nexus  
  133  13:43  Pylon  
  133  13:47  Pylon  
  125  14:10  Probe  
  124  14:18  Zealot x4  
  124  14:20  Probe  
  133  14:25  Cybernetics Core, Pylon  
  133  14:29  Pylon  
  133  14:31  Pylon  
  133  14:46  Gateway  
  133  14:47  Gateway  
  133  14:49  Gateway  
  133  14:51  Gateway  
  123  14:54  Gateway  
  123  14:58  Zealot x4  
  129  15:08  Robotics Facility  
  129  15:15  Robotics Facility  
  129  15:18  Assimilator  
  129  15:24  Assimilator  
  129  15:35  Adept x4  
  137  15:53  Adept x3  
  137  15:54  Adept x2  
  133  16:20  Stalker x3  
  133  16:21  Stalker x2  
  133  16:22  Disruptor x2 (Chrono Boost)  
  137  16:40  Stalker x4  
  148  16:57  Disruptor (Chrono Boost)  
  148  16:59  Disruptor (Chrono Boost)  
  151  17:18  Nexus  
  151  17:25  Gravitic Drive  
  154  17:33  Adept, Disruptor (Chrono Boost)  
  159  17:42  Probe  
  160  17:52  Warp Prism (Chrono Boost)  
  160  17:54  Probe  
  161  18:06  Probe  
  161  18:09  Disruptor (Chrono Boost)  
  160  18:23  Disruptor (Chrono Boost)  
  133  18:44  Disruptor (Chrono Boost)  
  133  18:46  Adept x4  
  133  18:47  Adept  
  123  18:54  Disruptor (Chrono Boost)  
  92  19:14  Stalker x2  
  92  19:15  Stalker  
Tags
 
Add a new tag
Caveats
  • Supply blocks, unpowered buildings, or Contaminate may cause inaccurate times.
  • Supply counts are checked every 10 seconds.